 Dungeon Crawl Stone Soup version 0.24-a0-217-g1152973720 (webtiles) character file.

Game seed: 10756672822769282881

11808 MrRokkomies the Arsonist (level 11, -12/86 HPs)
             Began as a Demigod Fire Elementalist on Mar 29, 2019.
             Mangled by a komodo dragon (19 damage)
             ... on level 1 of the Lair of Beasts on Mar 30, 2019.
             The game lasted 00:58:28 (14492 turns).

MrRokkomies the Arsonist (DgFE)                    Turns: 14492, Time: 00:58:29

Health: -12/86     AC:  7    Str: 11    XL:     11   Next: 29%
Magic:  13/27      EV: 15    Int: 25    God:
Gold:   609        SH:  2    Dex: 16    Spells: 1/26 levels left

rFire    + + .     SeeInvis .   a - staff of fire
rCold    . . .     Gourm    .   (no shield)
rNeg     . . .     Faith    .   e - +0 robe
rPois    .         Spirit   .   v - +0 helmet
rElec    .         Reflect  +   q - +0 cloak
rCorr    .         Harm     .   (no gloves)
MR       +....     Clarity  +   I - +2 pair of boots
Stlth    ++........             h - +2 amulet of reflection
HPRegen  0.24/turn              M - ring of fire
MPRegen  0.20/turn              E - ring of protection from cold

@: very slightly contaminated
A: talons 1, clarity, high mp 1, sense surroundings 1
a: no special abilities


You were on level 1 of the Lair of Beasts.
You were hungry.

You visited 2 branches of the dungeon, and saw 11 of its levels.
You also visited: Bailey.

You collected 609 gold pieces.

Inventory:

Hand Weapons
 b - a +0 hunting sling
 k - a +2 antimagic rapier
 C - a +2 short sword of speed
 G - a +1 halberd of venom
 P - a +0 rapier of electrocution
 S - a +0 blowgun
Missiles
 d - 193 stones (quivered)
 m - 97 sling bullets
 Q - 5 curare-tipped needles
 R - 9 poisoned needles
 T - a throwing net
Armour
 e - a +0 robe (worn)
 q - a +0 cloak (worn)
 v - a +0 helmet (worn)
 I - a +2 pair of boots (worn)
Magical Staves
 a - an uncursed staff of fire (weapon)
Jewellery
 h - a +2 amulet of reflection (around neck)
 o - an uncursed ring of resist corrosion
 p - an uncursed ring of protection from magic
 t - an uncursed ring of wizardry
 w - an uncursed ring of see invisible
 E - a ring of protection from cold (right hand)
 H - an uncursed ring of protection from cold
 J - a +2 ring of intelligence
 K - an uncursed ring of positive energy
 M - a ring of fire (left hand)
Wands
 j - a wand of disintegration (13)
 y - a wand of acid (3)
 z - a wand of random effects (20)
 N - a wand of digging (4)
Scrolls
 l - 3 scrolls of enchant weapon
 r - a scroll of identify
 x - 2 scrolls of remove curse
 A - 4 scrolls of teleportation
 D - 2 scrolls of magic mapping
 U - a scroll of fear
Potions
 f - 3 potions of brilliance
 g - 6 potions of curing
 i - 3 potions of lignification
 n - 2 potions of ambrosia
 s - a potion of agility
 u - 2 potions of magic
 B - a potion of cancellation
 F - a potion of heal wounds
Miscellaneous
 L - a crystal ball of energy
 O - a lightning rod (4/4)
 V - a box of beasts
Comestibles
 c - 8 rations


   Skills:
 - Level 5.0 Fighting
 - Level 5.1 Dodging
 - Level 1.7 Stealth
 - Level 8.2 Spellcasting
 - Level 8.0 Conjurations
 * Level 9.5 Fire Magic
 - Level 3.0 Poison Magic
 * Level 2.6 Evocations


You had one spell level left.
You knew the following spells:

 Your Spells              Type           Power        Failure   Level  Hunger
a - Flame Tongue          Conj/Fire      #####        1%          1    None
b - Throw Flame           Conj/Fire      ######       1%          2    None
c - Conjure Flame         Conj/Fire      #######.     1%          3    None
d - Sticky Flame          Conj/Fire      #######.     1%          4    ##.....
e - Inner Flame           Hex/Fire       ######..     2%          3    None
f - Fireball              Conj/Fire      #######...   4%          5    ####...
g - Blink                 Tloc           N/A          9%          2    None
h - Poisonous Vapours     Pois/Air       ###...       4%          2    None
i - Mephitic Cloud        Conj/Pois/Air  ####....     3%          3    None

Your spell library contained the following spells:

 Spells                   Type           Power        Failure   Level  Hunger
 Magic Dart               Conj           ####         1%          1    None
 Call Imp                 Summ           ##......     9%          2    None
 Slow                     Hex            ##......     9%          2    None
 Freezing Cloud           Conj/Ice/Air   ###.......   97%         6    ######.
 Ring of Flames           Chrm/Fire      ######....   100%        7    #######


Dungeon Overview and Level Annotations

Branches:
Dungeon (10/15)            Temple (0/1) D:7            Lair (1/6) D:10
    Orc: D:9-12

Annotations:
D:9 1 runed translucent door, loom's ghost, novice TrFi


Innate Abilities, Weirdness & Mutations

You have an increased reservoir of magic. (+10% MP)
You have sharp toenails.
You possess an exceptional clarity of mind.
You passively map a small area around you.


Message History

Casting: Flame Tongue (safe; 1% risk of failure)
Confirm with . or Enter, or press ? or * to list all spells.
Aiming: Flame Tongue (safe; 1% risk of failure)
Press: ? - help, Shift-Dir - straight line, f/p - komodo dragon
Aim: a komodo dragon (almost dead)
You feel a strong surge of power!
The flame tongue hits the komodo dragon.
The komodo dragon is almost dead.
The komodo dragon bites you!!
* * * LOW HITPOINT WARNING * * *
Casting: Flame Tongue (safe; 1% risk of failure)
Confirm with . or Enter, or press ? or * to list all spells.
Okay, then.
Unknown command.
Casting: Flame Tongue (safe; 1% risk of failure)
Confirm with . or Enter, or press ? or * to list all spells.
You miscast Blink.
You are very lightly contaminated with residual magic.
Strange energies run through your body. The komodo dragon bites you!!
You die...

#..##....+............... *
#..###...########..#.....,,
..## #...................
#'####..................
........................
........................ ,
........................
#.#.......##.#.##l...... ,
#####.....#...>.@#. ., *,
#.....#.............#.....#..
#.....'......#......#........ ,
#P.....#......#......#.....#..
#P.....#.............#.....#..
##.....#......#......#.....#..
**
#.....#......#......+.....#..
,,
.......#...#.##......#........
...................<..##P..##..


You could see a komodo dragon.

Vanquished Creatures
  Harold (D:10)
  2 two-headed ogres
  An orc knight (Bailey)
  A gargoyle (D:10)
  A komodo dragon (Lair:1)
  A troll (D:10)
  Prince Ribbit (D:6)
  2 hippogriffs
  Sigmund (D:5)
  9 yaks
  Eustachio (D:4)
  Edmund (D:6)
  5 water moccasins (Lair:1)
  4 porcupines (Lair:1)
  11 orc warriors
  2 ice beasts (D:10)
  A hornet zombie (D:10)
  2 black bears
  2 sky beasts
  A necrophage (D:10)
  A phantom (D:6)
  6 ogres
  2 wolves (D:10)
  6 centaurs
  2 crocodiles (Lair:1)
  Blork the orc (D:5)
  A big kobold (D:10)
  6 bullfrogs
  2 wyvern zombies
  6 scorpions
  A water moccasin zombie (D:10)
  An electric eel (D:10)
  A howler monkey (D:10)
  A centaur zombie (D:9)
  A crimson imp (D:4)
  A quasit (D:9)
  An orc priest (D:6)
  A bullfrog zombie (D:8)
  4 hounds (D:10)
  4 bullfrog skeletons
  4 jellies
  7 orc wizards
  Natasha (twice) (D:2)
  5 iguanas
  7 worker ants
  A worker ant zombie (D:10)
  10 adders
  4 shadow imps
  An ooze (D:6)
  An adder zombie (D:5)
  An adder skeleton (D:7)
  A worm (D:2)
  3 dart slugs
  4 leopard geckos
  32 orcs
  4 giant cockroaches
  9 hobgoblins
  8 jackals
  9 kobolds
  8 quokkas
  A ball python skeleton (D:5)
  5 bats
  8 frilled lizards
  10 goblins
  A jackal skeleton (D:7)
  A quokka skeleton (D:8)
  6 rats
252 creatures vanquished.

Vanquished Creatures (others)
  2 withered plants (D:9)
2 creatures vanquished.

Grand Total: 254 creatures vanquished

Notes
Turn   | Place    | Note
-------+----------+-------------------------------------------
     0 | D:1      | MrRokkomies the Demigod Fire Elementalist began the quest
                  | for the Orb.
     0 | D:1      | Reached XP level 1. HP: 14/14 MP: 5/5
    85 | D:1      | Reached skill level 1 in Conjurations
    85 | D:1      | Reached skill level 3 in Fire Magic
   174 | D:1      | Reached XP level 2. HP: 14/20 MP: 4/7
   198 | D:1      | Learned a level 2 spell: Throw Flame
   972 | D:2      | Reached XP level 3. HP: 26/26 MP: 6/8
  1134 | D:2      | Gained mutation: You passively map a small area around you.
                  | [potion of mutation]
  1134 | D:2      | Gained mutation: You possess an exceptional clarity of
                  | mind. [potion of mutation]
  1134 | D:2      | Gained mutation: You have sharp toenails. [potion of
                  | mutation]
  1138 | D:2      | Reached skill level 4 in Fire Magic
  1454 | D:2      | Noticed Natasha
  1464 | D:2      | Killed Natasha
  1464 | D:2      | Reached XP level 4. HP: 18/33 MP: 5/9
  1580 | D:2      | Noticed Natasha
  1590 | D:2      | Killed Natasha
  1978 | D:2      | Learned a level 3 spell: Conjure Flame
  2083 | D:3      | Found a shattered altar of Ashenzari.
  2126 | D:3      | Found a sparkling altar of Nemelex Xobeh.
  2514 | D:3      | Reached skill level 5 in Fire Magic
  2514 | D:3      | Reached XP level 5. HP: 13/38 MP: 7/10
  3018 | D:4      | Noticed Eustachio
  3229 | D:4      | Found a sacrificial altar of Ru.
  3492 | D:4      | Reached XP level 6. HP: 42/45 MP: 8/11
  3532 | D:4      | Killed Eustachio
  3532 | D:4      | Reached skill level 6 in Fire Magic
  3687 | D:4      | Found a shimmering altar of Xom.
  3758 | D:4      | Found an ancient bone altar of Kikubaaqudgha.
  4057 | D:5      | Entered Level 5 of the Dungeon
  4067 | D:5      | Noticed Blork the orc
  4087 | D:5      | Killed Blork the orc
  4096 | D:5      | Found a deep blue altar of Sif Muna.
  4252 | D:5      | Reached XP level 7. HP: 50/50 MP: 0/12
  4352 | D:5      | Reached skill level 7 in Fire Magic
  4820 | D:5      | Noticed Sigmund
  4851 | D:5      | Killed Sigmund
  4960 | D:5      | Reached skill level 8 in Fire Magic
  5328 | D:5      | Found a radiant altar of Vehumet.
  5416 | D:5      | You fall through a shaft for 3 floors!
  5440 | D:8      | Learned a level 4 spell: Sticky Flame
  5610 | D:8      | Reached XP level 8. HP: 45/57 MP: 7/15
  6095 | D:7      | Found a flagged portal.
  6128 | Bailey   | Entered a bailey
  6294 | Bailey   | Learned a level 3 spell: Inner Flame
  6302 | Bailey   | Reached skill level 5 in Conjurations
  7241 | Bailey   | Reached skill level 1 in Fighting
  7653 | Bailey   | Reached skill level 5 in Spellcasting
  8141 | Bailey   | Noticed an orc knight
  8145 | Bailey   | Reached XP level 9. HP: 61/68 MP: 15/20
  8151 | Bailey   | Killed an orc knight
  8454 | D:7      | Identified a scroll of acquirement
  8517 | D:7      | Learned a level 5 spell: Fireball
  9011 | D:6      | Noticed Prince Ribbit
  9020 | D:6      | Killed Prince Ribbit
  9041 | D:6      | Reached skill level 5 in Fighting
  9041 | D:6      | Reached skill level 5 in Dodging
  9600 | D:6      | Noticed Edmund
  9609 | D:6      | Killed Edmund
  9622 | D:6      | Found a glowing golden altar of the Shining One.
  9898 | D:7      | Found a staircase to the Ecumenical Temple.
 11412 | D:9      | Upgraded the game from 0.24-a0-208-g17bec22d17 to
                  | 0.24-a0-217-g1152973720
 11446 | D:9      | Found a runed translucent door.
 11446 | D:9      | Noticed loom's ghost (novice TrFi)
 11498 | D:9      | Reached XP level 10. HP: 81/81 MP: 19/23
 11885 | D:9      | Noticed a two-headed ogre
 11895 | D:9      | Killed a two-headed ogre
 11899 | D:9      | Learned a level 2 spell: Blink
 11902 | D:9      | Learned a level 2 spell: Poisonous Vapours
 12013 | D:10     | Entered Level 10 of the Dungeon
 13093 | D:10     | Noticed a two-headed ogre
 13102 | D:10     | Killed a two-headed ogre
 13107 | D:10     | Learned a level 3 spell: Mephitic Cloud
 13323 | D:10     | Found a staircase to the Lair.
 13384 | D:10     | Reached skill level 1 in Poison Magic
 13615 | D:10     | Noticed Harold
 13624 | D:10     | Killed Harold
 13624 | D:10     | Reached XP level 11. HP: 54/86 MP: 5/27
 13809 | Lair:1   | Entered Level 1 of the Lair of Beasts
 14010 | Lair:1   | Reached skill level 9 in Fire Magic
 14149 | Lair:1   | Reached skill level 1 in Evocations
 14492 | Lair:1   | Mangled by a komodo dragon

Levels and vault maps discovered:
D:1:      grunt_arrival_lava_bath, layout_loops_ring,
          wad_floor_pattern_untrapped
D:2:      layout_loops_corners, hangedman_decor_diamond_cutter,
          minmay_splitting_lines, nrook_campfire, st_stairs_9, uniq_natasha
D:3:      layout_basic, overflow_temple_1_default, old_standard_altar
D:4:      layout_basic, kennysheep_mini, kiku_gazebo_pond_becter,
          nicolae_ru_great_annihilating_truth, serial_co_window_serial,
          co_window_paths_b, co_window_paths_b, co_window_of_opportunity_a,
          co_window_paths_a, co_window_cross_1, co_window_unsneaky_path_d,
          co_window_broadway_c, co_window_2corner, glass_columns_a,
          glass_columns_a, glass_columns_c, glass_columns_a,
          minmay_misc_feat_plants, kennysheep_minor_cross, uniq_eustachio
D:5:      layout_basic, tgw_sif, vehumet_crystals, first_ration, uniq_sigmund
D:6:      layout_loops_cross, nicolae_tso_swordbearing_angel, uniq_edmund,
          uniq_prince_ribbit1
D:7:      layout_cave_pools, minmay_temple_entry_sparse_star, enter_bailey_2
D:8:      layout_gridville
D:9:      layout_basic, gammafunk_ghost_grave
D:10:     layout_basic, erik_lair_island, uniq_harold
Lair:1:   layout_regular_city, serial_bayou_shore_b, grunt_megastairs_5
Bailey:   bailey_polearm_2, bailey

Skill      XL: |  1  2  3  4  5  6  7  8  9 10 11 |
---------------+----------------------------------+-----
Conjurations   | 1 2 3 4 5 8 |  8.0
Fire Magic     | 3 4 5 6 8 9 |  9.5
Spellcasting   | 3 5 6 8 |  8.2
Fighting       | 2 5 |  5.0
Dodging        | 2 5 |  5.1
Poison Magic   | 2 3 |  3.0
Evocations     | 2 |  2.6
Stealth        | |  1.7

Action                   |  1- 3 |  4- 6 |  7- 9 | 10-12 || total
-------------------------+-------+-------+-------+-------++-------
Melee: Dagger            |    69 |    43 |       |       ||   112
       Unarmed           |     4 |       |       |       ||     4
       Kick              |     3 |    16 |       |       ||    19
       Short sword       |       |    60 |   117 |       ||   177
       Halberd           |       |       |    18 |       ||    18
       Rapier            |       |       |   125 |    66 ||   191
       Staff             |       |       |       |    69 ||    69
 Fire: Hunting sling     |       |    17 |       |       ||    17
 Cast: Flame Tongue      |    34 |    35 |    35 |    20 ||   124
       Conjure Flame     |       |     3 |     1 |     1 ||     5
       Throw Flame       |       |     7 |    98 |   112 ||   217
       Sticky Flame      |       |       |    16 |    17 ||    33
       Inner Flame       |       |       |     1 |       ||     1
       Fireball          |       |       |     1 |     3 ||     4
       Poisonous Vapours |       |       |       |    25 ||    25
       Mephitic Cloud    |       |       |       |     2 ||     2
Evoke: Wand              |       |       |     4 |       ||     4
  Use: Scroll            |     5 |    12 |     8 |     1 ||    26
       Potion            |     1 |       |     4 |     2 ||     7
 Stab: Sleeping          |     5 |     6 |     5 |       ||    16
       Paralysed         |       |     1 |       |       ||     1
  Eat: Chunk             |     2 |     4 |    18 |    11 ||    35
       Ration            |       |     2 |     2 |       ||     4
Armor: Robe              |    25 |    25 |    55 |    55 ||   160
       Skin              |       |       |     4 |       ||     4
Dodge: Dodged            |    63 |    41 |   189 |   135 ||   428
Block: Other             |       |     7 |    23 |    12 ||    42
       Reflection        |       |       |     1 |     1 ||     2

Table legend:
 A = Non-vault XP
 B = Vault XP
 C = Vault XP percentage of total XP
 D = Non-vault monster count
 E = Vault monster count
 F = Vault count percentage of total count
                 A         B        C        D         E       F
            +---------+---------+-------+---------+---------+-------
      Total |   12106 |    4763 |  28.2 |     212 |      40 |  15.9
            +---------+---------+-------+---------+---------+-------
        D:1 |      42 |       0 |   0.0 |      25 |       0 |   0.0
        D:2 |      94 |      38 |  28.8 |      19 |       3 |  13.6
        D:3 |      64 |       0 |   0.0 |      12 |       0 |   0.0
        D:4 |     212 |     215 |  50.4 |      14 |       5 |  26.3
        D:5 |     676 |     319 |  32.1 |      20 |       2 |   9.1
        D:6 |     571 |     439 |  43.5 |      24 |       2 |   7.7
        D:7 |     271 |       0 |   0.0 |       6 |       0 |   0.0
        D:8 |     623 |       0 |   0.0 |      13 |       0 |   0.0
        D:9 |    2557 |       0 |   0.0 |      23 |       0 |   0.0
       D:10 |    3926 |    1643 |  29.5 |      39 |       8 |  17.0
     Lair:1 |    3070 |     285 |   8.5 |      17 |       2 |  10.5
     Bailey |       0 |    1824 | 100.0 |       0 |      18 | 100.0
            +---------+---------+-------+---------+---------+-------
